 Dungeon Crawl Stone Soup version 0.31-a0-174-g85c54bcb58 (webtiles) character file.

Game seed: 8643402908889011627

7 Aspara the Insei (level 2, 0/18 HPs)
             Began as an Octopode Transmuter on June 15, 2023.
             Slain by a rat (3 damage)
             ... on level 1 of the Dungeon.
             The game lasted 00:15:38 (402 turns).

Aspara the Insei (Octopode Transmuter)               Turns: 402, Time: 00:15:39

Health: 0/18       AC:  1    Str:  9    XL:     2   Next: 4%
Magic:  4/5        EV: 13    Int: 15    God:
Gold:   11         SH:  0    Dex: 12    Spells: 4/5 levels left

rFire   . . .        c - +0 mace
rCold   . . .        (no shield)
rNeg    . . .        (helmet currently unavailable)
rPois   .            (no amulet)
rElec   .            (no ring)
rCorr   .            (no ring)
SInv    .            (no ring)
Will    .....        (no ring)
Stlth   ++           (no ring)
HPRegen 0.23/turn    (no ring)
MPRegen 0.09/turn    (no ring)
                     (no ring)

%: no passive effects
@: appendages (expiring)
A: tentacle spike 3, almost no armour, amphibious, 8 rings, camouflage 1,
gelatinous body 1, (nimble swimmer 1), tentacles
a: End Transformation


You were on level 1 of the Dungeon.
One of your tentacles had grown a beastly spike.
You visited 1 branch of the dungeon, and saw 1 of its levels.

You collected 11 gold pieces.

Inventory:

Hand Weapons
 c - a +0 mace (weapon)
Missiles
 e - 3 boomerangs
 f - 9 stones
Armour
 b - a +0 pair of boots
 h - a +0 helmet
Scrolls
 g - a scroll of identify
Potions
 a - a potion of lignification
 d - a potion of brilliance


   Skills:
 + Level 1.0 Fighting
 + Level 2.1 Dodging
 + Level 3.1 Unarmed Combat
 + Level 2.0 Spellcasting
 * Level 2.3 Transmutations


You had 4 spell levels left.
You knew the following spells:

 Your Spells              Type           Power      Damage    Failure   Level
z - Beastly Appendage     Tmut           16%        N/A       9%          1

Your spell library contained the following spells:

 Spells                   Type           Power      Damage    Failure   Level
 Wereblood                Tmut           8%         N/A       13%         2
 Spider Form              Tmut/Pois      4%         N/A       38%         3
 Ice Form                 Ice/Tmut       4%         N/A       80%         4


Dungeon Overview and Level Annotations

Branches:
Dungeon (1/15)

Altars:


Innate Abilities, Weirdness & Mutations

One of your tentacles has grown a beastly spike.
You cannot wear most types of armour.
You are amphibious.
You can wear up to eight rings at the same time.
Your skin changes colour to match your surroundings (Stealth+).
Your rubbery body absorbs attacks. (AC +1, EV +1)
((You are camouflaged when in or above water. (Stealth+)))
You have tentacles for arms and can constrict up to eight enemies at once.


Message History

Found a robe.
Your surroundings suddenly seem different.
Found a helmet.
Found 5 poisoned darts.
A quokka comes into view.
You see here a +0 helmet.
h - a +0 helmet You can't wear that!
The quokka bites you.
You closely miss the quokka. Your grab misses the quokka.
Your tentacle-slap misses the quokka.
The quokka barely misses you.
You completely miss the quokka. Your grab misses the quokka.
You squeeze the quokka, but do no damage.
The quokka bites you. The quokka closely misses you.
You barely miss the quokka. You grab the quokka. You constrict the quokka.
The quokka completely misses you. The quokka misses you.
You hit the quokka but do no damage. You squeeze the quokka.
The quokka is almost dead.
You constrict the quokka.
You kill the quokka!
You have reached level 2!
You see here a quokka corpse.
A kobold and a rat come into view.
Found a bubbling pink potion.
One of your tentacles grows a vicious spike.
A goblin comes into view. It is wielding a +0 club.
The kobold shouts!
The goblin shouts!
The kobold throws a stone.
The stone hits you. The goblin hits you with a +0 club.
You barely miss the goblin. Your grab misses the goblin.
Your transformation is almost over.
The goblin hits you with a +0 club.
You closely miss the goblin. Your grab misses the goblin. The rat bites you.
The goblin hits you with a +0 club. The goblin attacks as you move away!
The goblin hits you with a +0 club.
* * * LOW HITPOINT WARNING * * *
The rat closely misses you. The goblin closely misses you.
The rat attacks as you move away! The rat bites you.
You die...

#.....# #.....#
#.....# #.....##
#......####
#.#.†.....#
#...##.##.# #..(
#.##.##..
##...##@.!.....
#....Kgr##.....
.#
#.............##
.#
.........#.##..#
.. ##.........#
# .# ##.....####
.# ##....# .#
##...# .## #...#


You could see a goblin, a kobold and a rat.

Vanquished Creatures
  A dart slug (D:1)
  A bat (D:1)
  A giant cockroach (D:1)
  A quokka (D:1)
  A frilled lizard (D:1)
5 creatures vanquished.

Notes
Turn   | Place    | Note
-------+----------+-------------------------------------------
     0 | D:1      | Aspara the Octopode Transmuter began the quest for the Orb.
     0 | D:1      | Reached XP level 1. HP: 13/13 MP: 3/3
   381 | D:1      | Reached XP level 2. HP: 15/18 MP: 5/5
   402 | D:1      | Slain by a rat

Illustrated notes

Levels and vault maps discovered:
D:1:      psy_arrival_statuary, layout_loops_cross, minmay_crystal_water,
          kennysheep_doodads

Action                     || total
---------------------------++-------
  Melee: Mace              ||    12
         Unarmed           ||     9
         Constrict         ||     5
         Tentacles         ||     4
         Kick              ||     2
   Cast: Beastly Appendage ||     9
    Use: Scroll            ||     3
   Stab: Sleeping          ||     1
 Armour: Skin              ||     1
  Dodge: Dodged            ||    22

Table legend: (Time is in decaauts)
 A = Elapsed time spent in this place.
 B = Non-inter-level travel time spent in this place.
 C = Inter-level travel time spent in this place.
 D = Time resting spent in this place.
 E = Time spent auto-exploring this place.
 F = Levels seen in this place.
 G = Mean time per level.
                   A        B        C        D        E       F      G
               +--------+--------+--------+--------+--------+-----+--------+
         Total |    405 |    271 |    134 |    100 |     10 |   1 |  405.0 |
       Dungeon |    405 |    271 |    134 |    100 |     10 |   1 |  405.0 |
               +--------+--------+--------+--------+--------+-----+--------+

Top non-repeatable levels by time:
     D:1: 405 daAuts
